 Dungeon Crawl Stone Soup version 0.30-b1-2-g02819fbbbe (webtiles) character file.

Game seed: 16397125142502884698

10257 Kaiji the Fighter (level 11, -1/104 HPs)
             Began as a Human Chaos Knight on Oct 6, 2023.
             Was a Plaything of Xom.
             Slain by an ettin
             ... wielding a +0 dire flail
              (22 damage)
             ... on level 2 of the Orcish Mines.
             The game lasted 00:50:18 (9760 turns).

Kaiji the Fighter (Human Chaos Knight)              Turns: 9760, Time: 00:50:18

Health: -1/104     AC: 32    Str: 16    XL:     11   Next: 89%
Magic:  0/12       EV:  9    Int: 13    God:    Xom [....*.]
Gold:   815        SH:  4    Dex: 13    Spells: 8/10 levels left

rFire   + . .        L - +5 battleaxe (freeze)
rCold   x . .        (shield currently unavailable)
rNeg    . . .        s - +3 plate armour of Wasted Space {+Blink}
rPois   .            R - +2 helmet
rElec   .            J - +2 cloak
rCorr   .            (no gloves)
SInv    .            t - +0 pair of boots
Will    .....        j - amulet of guardian spirit Stlth
                     M - +4 ring of protection
HPRegen 0.37/turn    D - +4 ring of protection
MPRegen 0.13/turn

%: clarity, guardian spirit
@: no status effects
A: large bone plates 1, clarity, fire resistance 1, high MP 1, sense
surroundings 1, robust 1, cold vulnerability 1, MP-powered wands, sturdy frame 1
a: Renounce Religion, Evoke Blink


You were on level 2 of the Orcish Mines.
You worshipped Xom.
You were a beloved toy of Xom.
You visited 2 branches of the dungeon, and saw 11 of its levels.
You also visited: Ossuary.

You collected 1209 gold pieces.
You spent 394 gold pieces at shops.

Inventory:

Hand Weapons
 a - a +0 hand axe of chaos
 F - a +0 sling
 L - a +5 battleaxe of freezing (weapon)
Missiles
 n - 86 stones
 z - 6 silver boomerangs
 G - 4 throwing nets
Armour
 b - a +2 leather armour
 s - the +3 plate armour of Wasted Space (worn) {+Blink}
   (Xom gifted it to you on level 8 of the Dungeon)

   +Blink:    It lets you blink.
 t - a +0 pair of boots (worn)
 w - an orb of wrath
 C - a +1 chain mail of fire resistance
 J - a +2 cloak (worn)
 R - a +2 helmet (worn)
 S - a +1 hat
Jewellery
 j - an amulet of guardian spirit (around neck)
 m - a ring of resist corrosion
 D - a +4 ring of protection (right hand)
 M - a +4 ring of protection (left hand)
 P - a ring of positive energy
 U - a +5 ring of evasion
Wands
 i - a wand of iceblast (2)
Scrolls
 f - 5 scrolls of summoning
 h - 5 scrolls of noise
 k - 3 scrolls of amnesia {unknown}
 p - 3 scrolls of vulnerability {unknown}
 q - 2 scrolls of magic mapping {unknown}
 u - 2 scrolls of blinking {unknown}
 y - 2 scrolls of immolation {unknown}
 A - 5 scrolls of fear
 E - 3 scrolls of teleportation
 H - a scroll of poison {unknown}
 I - a scroll of torment {unknown}
 Q - a scroll of acquirement {unknown}
Potions
 d - a potion of invisibility
 e - 8 potions of heal wounds
 g - a potion of magic
 l - 9 potions of curing
 o - 3 potions of attraction
 r - a potion of cancellation
 v - 3 potions of mutation
 K - 4 potions of might
 N - a potion of haste
 O - a potion of resistance
 T - a potion of lignification
Miscellaneous
 c - a piece from Xom's chessboard (15/15)


   Skills:
 * Level 11.8 Fighting
 + Level 8.7 Axes
 + Level 8.4 Armour
 + Level 8.1 Dodging


You had 8 spell levels left.
You knew the following spells:

 Your Spells              Type           Power      Damage    Failure   Level
a - Call Imp              Summ           0%         N/A       100%        2

Your spell library contained the following spells:

 Spells                   Type           Power      Damage    Failure   Level
 Magic Dart               Conj           0%         1d3       99%         1
 Blink                    Tloc           0%         N/A       100%        2
 Frozen Ramparts          Ice            0%         1d1       100%        3
 Mephitic Cloud           Conj/Pois/Air  0%         N/A       100%        3
 Ice Form                 Ice/Tmut       0%         N/A       100%        4
 Manifold Assault         Tloc           0%         N/A       100%        4
 Summon Ice Beast         Ice/Summ       0%         N/A       100%        4
 Storm Form               Tmut/Air       0%         N/A       100%        7


Dungeon Overview and Level Annotations

Branches:
Dungeon (9/15)             Temple (0/1) D:6             Orc (2/2) D:9
    Elf (0/3) Orc:2       Ossuary (visited)
   Lair: D:8-11

Altars:
Ashenzari
Dithmenos
Fedhas
Nemelex Xobeh
Trog

Shops:
D:5 ([[   Orc:1 ?


Innate Abilities, Weirdness & Mutations

You are partially covered in large bone plates. (SH +4)
You possess an exceptional clarity of mind.
Your flesh is heat resistant. (rF+)
You have an increased reservoir of magic. (+10% MP)
You passively map a small area around you.
You are robust. (+10% HP)
You are vulnerable to cold. (rC-)
You expend magic power (3 MP) to strengthen your wands.
Your movements are slightly less encumbered by armour. (ER -2)


Message History

There is a stone staircase leading up here.
You slash the orc sorcerer! You freeze the orc sorcerer.
The orc sorcerer is severely wounded.
You slash the ettin! You freeze the ettin!
The orc wizard points at you and mumbles some strange words.
You easily resist.
The ettin hits you with a +0 dire flail!!
The ettin hits you with a +0 dire flail!
You hit the orc sorcerer. You freeze the orc sorcerer.
The orc sorcerer is almost dead.
You completely miss the ettin. You barely miss the orc wizard.
Xom opens a gate.
The orc wizard hits you but does no damage.
The orc sorcerer points at you and mumbles some strange words.
You resist with significant effort.
The orc wizard points at you and mumbles some strange words.
The puff of flame hits you but does no damage.
The ettin hits you but does no damage.
The ettin hits you with a +0 dire flail!!
You emit a cloud of colourful smoke!
The ettin hits you but does no damage. x2
The orc warrior hits you but does no damage.
The orc sorcerer hits you but does no damage.
The orc priest looks satisfied for a moment.
The orc wizard casts a spell.
The orc wizard flickers and vanishes!
Deactivating autopickup; reactivate with Ctrl-A.
You block the orc wizard's attack.
Your ufetubus closely misses the orc wizard.
Your ufetubus misses the orc wizard. The ogre hits you with a +0 giant club!
* * * LOW HITPOINT WARNING * * *
The orc wizard hits you but does no damage.
The orc wizard points at you and mumbles some strange words.
The puff of flame hits you but does no damage.
You block the orc warrior's attack.
The ettin hits you with a +0 dire flail!
* * * LOW HITPOINT WARNING * * *
The ettin hits you with a +0 dire flail!!
You die...
Xom guffaws!

, * , , , * *
....##........# ,
..............., , ,
..{............ , ,
...o........... ,, *
.^..$...............
, ................
..# , ,
.<....§oo...........
, ,
......C@o...........,
...o.oooO5O...#.....
.....o.C...#........
, ,
......oo..oo...$.$..,
.....$....o.<.......
##..........[...#...
..................$.
,
...$...$.......o)...
............o..
........o......


You could see 2 ettins, an orc sorcerer (ally target), 4 orc warriors, 2 ogres,
an orc priest, 4 orc wizards, 4 orcs and a friendly ufetubus (summoned).

Vanquished Creatures
  A two-headed ogre (D:9)
  2 orc knights (Orc:1)
  An orc sorcerer (Orc:1)
  3 centaur zombies (D:8)
  Maggie (D:6)
  2 trolls
  2 hellwings (D:8)
  A meliai zombie (D:8)
  3 yaks (D:9)
  A wraith (D:9)
  2 steam dragons (D:8)
  A warg (Orc:1)
  2 water moccasins (D:8)
  A hornet zombie (D:8)
  12 orc warriors
  A sky beast (D:8)
  5 ogres
  3 centaurs
  A kobold brigand (D:8)
  3 nameless horrors
  A gnoll sergeant (D:8)
  4 bullfrogs
  2 scorpions
  10 wights
  A ballistomycete (D:4)
  3 killer bees (D:9)
  4 howler monkeys
  3 hounds
  2 human zombies (Ossuary)
  3 jellies
  3 sleepcaps
  6 orc priests
  Crazy Yiuf (D:7)
  A gnoll bouda (D:6)
  Ijyb (D:5)
  Natasha (twice) (D:3)
  A boggart zombie (D:8)
  6 iguanas
  15 orc wizards
  5 mummies (Ossuary)
  13 gnolls
  8 adders
  5 shadow imps (D:8)
  A white imp (D:6)
  2 dart slugs
  39 orcs
  6 endoplasms
  2 giant cockroaches
  4 goblins
  4 hobgoblins
  2 jackals (D:1)
  2 quokkas (D:1)
  7 ball pythons
  2 bats
  3 frilled lizards
  A gnoll zombie (Ossuary)
  A goblin zombie (Ossuary)
  6 kobolds
  2 kobold zombies (Ossuary)
  2 orc zombies (Ossuary)
  4 rats
  A ballistomycete spore (D:4)
239 creatures vanquished.

Vanquished Creatures (collateral kills)
  A gnoll sergeant (D:5)
  A hound (D:5)
  Natasha (D:3)
  2 gnolls (D:5)
  3 orcs
  A quokka (D:5)
9 creatures vanquished.

Vanquished Creatures (others)
  A wight (D:8)
  A bat zombie (D:3)
2 creatures vanquished.

Grand Total: 250 creatures vanquished

Notes
Turn   | Place    | Note
-------+----------+-------------------------------------------
     0 | D:1      | Kaiji the Human Chaos Knight began the quest for the Orb.
     0 | D:1      | Reached XP level 1. HP: 18/18 MP: 1/1
     3 | D:1      | You fall into a shaft and drop 1 floor!
    69 | D:1      | XOM: potion effect (haste)
    71 | D:1      | Reached XP level 2. HP: 24/24 MP: 2/2
   286 | D:1      | XOM: silly message
   425 | D:1      | XOM: scenery: summon butterflies
   454 | D:1      | XOM: 7-stop teleportation journey
   619 | D:1      | Reached XP level 3. HP: 27/29 MP: 3/3
  1030 | D:1      | XOM: 2-stop teleportation journey
  1087 | D:1      | XOM: silly message
  1125 | D:2      | XOM: noise
  1183 | D:2      | Reached XP level 4. HP: 31/37 MP: 4/4
  1348 | D:2      | XOM: 1-stop teleportation journey
  1677 | D:3      | Found a shadowy altar of Dithmenos.
  1765 | D:3      | Noticed Natasha
  1769 | D:3      | Found a sparkling altar of Nemelex Xobeh.
  1784 | D:3      | XOM: cast spell 'Summon Hydra'
  1788 | D:3      | Killed Natasha
  1789 | D:3      | Reached skill level 4 in Fighting
  1789 | D:3      | Reached XP level 5. HP: 11/42 MP: 0/5
  1915 | D:3      | XOM: stat loss: -1 Dex (11/12)
  2026 | D:3      | XOM: summons 3 hostile demons
  2134 | D:3      | Noticed Natasha
  2147 | D:3      | Killed Natasha
  2279 | D:3      | Noticed Natasha
  2287 | D:3      | Killed Natasha
  2445 | D:4      | Reached XP level 6. HP: 49/49 MP: 6/6
  2533 | D:4      | XOM: polymorph sleepcap -> ballistomycete
  2550 | D:4      | Reached skill level 5 in Fighting
  2687 | D:4      | XOM: torment (30/51 hp)
  2893 | D:4      | XOM: torment (29/51 hp)
  3362 | D:4      | Reached XP level 7. HP: 56/56 MP: 5/7
  3464 | D:5      | Entered Level 5 of the Dungeon
  3472 | D:5      | XOM: 1-stop teleportation journey
  3481 | D:5      | XOM: fog
  3570 | D:5      | Found Fuegesha's Armour Shop.
  3586 | D:5      | Noticed a gargoyle
  3586 | D:5      | Found Rodilid's Weapon Shop.
  3586 | D:5      | XOM: 4-stop teleportation journey
  3709 | D:5      | Learned a level 2 spell: Call Imp
  3851 | D:5      | XOM: god gift: leather armour {god gift}
  3976 | D:5      | Noticed Ijyb
  3997 | D:5      | Killed Ijyb
  4103 | D:5      | Found Voretaz's Antique Armour Shoppe.
  4108 | D:5      | Bought a runed chain mail for 232 gold pieces
  4115 | D:5      | XOM: give mutations
  4115 | D:5      | Gained mutation: You have an increased reservoir of magic.
                  | (+10% MP) [Xom's grace]
  4115 | D:5      | Gained mutation: Your flesh is heat resistant. (rF+) [Xom's
                  | grace]
  4115 | D:5      | Gained mutation: You passively map a small area around you.
                  | [Xom's grace]
  4115 | D:5      | Gained mutation: You expend magic power (3 MP) to
                  | strengthen your wands. [Xom's grace]
  4130 | D:5      | Found a broken altar of Ashenzari.
  4165 | D:5      | Noticed a nameless horror
  4173 | D:5      | Killed a nameless horror
  4183 | D:5      | Reached XP level 8. HP: 64/64 MP: 1/8
  4316 | D:5      | Reached skill level 6 in Fighting
  4532 | D:5      | XOM: draining
  4661 | D:6      | Reached skill level 5 in Axes
  4733 | D:6      | XOM: fog
  4753 | D:6      | Noticed Maggie
  4753 | D:6      | XOM: cast spell 'Death Channel'
  4761 | D:6      | XOM: confuse monster(s)
  4766 | D:6      | XOM: enchant monster (good)
  4774 | D:6      | Killed Maggie
  4859 | D:6      | XOM: 6-stop teleportation journey
  4901 | D:6      | Found a blossoming altar of Fedhas.
  4976 | D:6      | Reached skill level 7 in Fighting
  5104 | D:6      | XOM: give mutations
  5104 | D:6      | Gained mutation: Your movements are slightly less
                  | encumbered by armour. (ER -2) [Xom's grace]
  5104 | D:6      | Gained mutation: Your flesh is cold resistant. (rC+) [Xom's
                  | grace]
  5115 | D:6      | Reached skill level 5 in Armour
  5118 | D:6      | Reached XP level 9. HP: 72/72 MP: 9/9
  5120 | D:6      | Found a staircase to the Ecumenical Temple.
  5135 | D:6      | XOM: smoke on damage
  5703 | D:7      | Reached skill level 5 in Dodging
  5882 | D:7      | XOM: enchant monster (good)
  5888 | D:7      | XOM: 1-stop teleportation journey
  5994 | D:7      | Noticed a nameless horror
  5994 | D:7      | XOM: potion effect (heal wounds)
  6002 | D:7      | Killed a nameless horror
  6007 | D:7      | Found a bloodstained altar of Trog.
  6008 | D:7      | XOM: silly message
  6202 | D:7      | Found a runed translucent door.
  6203 | D:7      | Noticed Crazy Yiuf
  6212 | D:7      | Killed Crazy Yiuf
  6302 | D:7      | Reached skill level 8 in Fighting
  6603 | D:8      | XOM: summons 2 friendly demons
  6620 | D:8      | XOM: divine lightning
  6622 | D:8      | XOM: fake destruction
  6755 | D:8      | XOM: divination: detect creatures
  6776 | D:8      | Noticed a hellwing
  6777 | D:8      | Noticed a hellwing
  6786 | D:8      | Killed a hellwing
  6789 | D:8      | Reached XP level 10. HP: 32/82 MP: 3/11
  6800 | D:8      | Lost mutation: Your flesh is cold resistant. (rC+) [potion
                  | of mutation]
  6800 | D:8      | Lost mutation: You expend magic power (3 MP) to strengthen
                  | your wands. [potion of mutation]
  6800 | D:8      | Gained mutation: You possess an exceptional clarity of
                  | mind. [potion of mutation]
  6800 | D:8      | Gained mutation: You are vulnerable to cold. (rC-) [potion
                  | of mutation]
  6806 | D:8      | Reached skill level 9 in Fighting
  6824 | D:8      | XOM: god gift: shimmering plate armour {god gift}
  6824 | D:8      | Identified the +3 plate armour of Wasted Space {+Blink}
                  | (Xom gifted it to you on level 8 of the Dungeon)
  7123 | D:8      | Found a sand-covered staircase.
  7129 | Ossuary  | Entered an ossuary
  7442 | D:8      | XOM: silly message
  7469 | D:8      | XOM: noise
  7509 | D:8      | Reached skill level 10 in Fighting
  7666 | D:8      | XOM: noise
  7751 | D:9      | Reached XP level 11. HP: 54/92 MP: 8/12
  7753 | D:9      | XOM: enchant monster (bad)
  7754 | D:9      | XOM: confuse monster(s)
  7765 | D:9      | XOM: enchant monster (good)
  7798 | D:8      | XOM: god gift: 46 gold pieces
  7970 | D:9      | XOM: enchant monster (bad)
  7977 | D:9      | XOM: silly message
  7993 | D:9      | Found a staircase to the Orcish Mines.
  8070 | D:9      | Noticed a two-headed ogre
  8070 | D:9      | XOM: 1-stop teleportation journey
  8080 | D:9      | Killed a two-headed ogre
  8097 | D:9      | Reached skill level 11 in Fighting
  8700 | D:9      | XOM: god gift: potion of lignification
  8861 | Orc:1    | Entered Level 1 of the Orcish Mines
  8866 | Orc:1    | XOM: confuse monster(s)
  8878 | Orc:1    | XOM: enchant monster (good)
  9146 | Orc:1    | XOM: 1-stop teleportation journey
  9157 | Orc:1    | Noticed an orc knight
  9166 | Orc:1    | XOM: divination: detect items
  9168 | Orc:1    | Killed an orc knight
  9241 | Orc:1    | Noticed an orc sorcerer
  9243 | Orc:1    | Noticed an orc knight
  9249 | Orc:1    | Killed an orc sorcerer
  9249 | Orc:1    | XOM: summons friendly ufetubus
  9250 | Orc:1    | XOM: potion effect (curing)
  9257 | Orc:1    | XOM: confuse monster(s)
  9261 | Orc:1    | Killed an orc knight
  9472 | Orc:1    | XOM: give mutations
  9472 | Orc:1    | Gained mutation: You expend magic power (3 MP) to
                  | strengthen your wands. [Xom's grace]
  9472 | Orc:1    | Gained mutation: You are robust. (+10% HP) [Xom's grace]
  9472 | Orc:1    | Gained mutation: You are partially covered in large bone
                  | plates. (SH +4) [Xom's grace]
  9579 | Orc:1    | XOM: god gift: +5 ring of evasion
  9612 | Orc:1    | Found Zaciqiho's Magic Scroll Shop.
  9630 | Orc:1    | Bought a scroll of teleportation for 36 gold pieces
  9630 | Orc:1    | Bought a scroll of enchant armour for 90 gold pieces
  9630 | Orc:1    | Bought a scroll of teleportation for 36 gold pieces
  9724 | Orc:2    | Entered Level 2 of the Orcish Mines
  9724 | Orc:2    | Found a staircase to the Elven Halls.
  9728 | Orc:2    | Noticed an orc sorcerer
  9729 | Orc:2    | XOM: confuse monster(s)
  9757 | Orc:2    | Noticed an ettin
  9757 | Orc:2    | Noticed an ettin
  9759 | Orc:2    | XOM: summons friendly ufetubus
  9759 | Orc:2    | XOM: smoke on damage
  9760 | Orc:2    | Slain by an ettin

Illustrated notes

Levels and vault maps discovered:
D:1:      giann_bridges, layout_loops_corners, dreamdust_princess_corridor,
          roderic_roman_lattice, corexii_hall_statues_s,
          corexii_leaking_fountain, corner_web_ring, hex_medium, minivault_5
D:2:      layout_basic
D:3:      layout_rooms, nemelex_spade_bored_becter, grunt_dithmenos_smoke,
          uniq_natasha
D:4:      layout_basic
D:5:      nicolae_BIG_FREAKIN_CUBE, layout_rooms, mainiacjoe_overflow_alcove_1,
          serial_shops, nicolae_shop_tiny_statue_garden,
          nicolae_shop_pleasant_corner_grove, nicolae_shop_bloodbath_and_beyond,
          minmay_misc_feat_encased, nrook_uturn, chequers_garden, uniq_ijyb
D:6:      layout_cave_pods, fedhas_altar_1, minmay_temple_entry_ruins,
          uniq_maggie
D:7:      layout_basic, trog_three_pillars_becter, uniq_crazy_yiuf_cottage
D:8:      cheibrodos_grave_circle, layout_loops_ring,
          lightli_ossuary_entry_decrepit_ruins, minmay_joined_circles
D:9:      layout_basic, minmay_orc_entry_temple_small, chequers_mini_garden,
          minmay_circle_x
Orc:1:    layout_caves, serial_shops, nicolae_shop_hallway_plus
Orc:2:    grunt_orc_tribal_feast, layout_caves, rock_pile, uniq_saint_roka

Skill      XL: |  1  2  3  4  5  6  7  8  9 10 11 |
---------------+----------------------------------+-----
Dodging        | 2 3 4 5 7 8 |  8.1
Fighting       | 4 5 7 8 10 11 | 11.8
Armour         | 3 4 5 6 7 8 |  8.4
Axes           | 4 5 6 7 8 |  8.7

Action                     |  1- 3 |  4- 6 |  7- 9 | 10-12 || total
---------------------------+-------+-------+-------+-------++-------
  Melee: Hand axe          |    98 |   104 |   308 |       ||   510
         Punch             |     1 |     2 |       |       ||     3
         Battleaxe         |       |       |    24 |   263 ||   287
   Cast: Call Imp          |       |       |     6 |       ||     6
  Evoke: Piece from Xom's  |       |     3 |     5 |       ||     8
         Wand              |       |       |     3 |    14 ||    17
    Use: Scroll            |       |     3 |       |     8 ||    11
         Potion            |       |       |     2 |     8 ||    10
   Stab: Paralysed         |       |       |    19 |     2 ||    21
         Sleeping          |       |       |     2 |       ||     2
         Petrified         |       |       |    11 |       ||    11
         Confused          |       |       |     1 |       ||     1
         Petrifying        |       |       |     1 |       ||     1
 Armour: Leather armour    |    38 |    26 |    22 |       ||    86
         Chain mail        |       |       |   191 |    14 ||   205
         Skin              |       |       |     1 |    99 ||   100
         Plate armour      |       |       |       |   184 ||   184
  Dodge: Dodged            |    58 |    63 |   202 |   101 ||   424
  Block: Other             |       |       |       |     6 ||     6
